AoeStats
← Sigurd

Arabia

509395309Analyzed
1v1 RM · 7d ago on Sep 26, 2026· 52m 3s· 2 players
Game mode
Random Map
Map size
Tiny (2 player)
Population
200
Speed
Normal
Resources
Standard
Victory
Conquest
Starting age
Dark Age
Ending age
Imperial Age
RankedLock teamsTeams togetherTeam positionsShared explorationLock speedFull tech treeHidden civsTurbo modeCheats
Victory
Defeat
🇨🇴 Armenians · Colombia
534
+13
🇿🇦 Danes · South Africa
457
-13
MonarchThePariah
13:46 Feudal Age
15:40 Man-at-Arms
16:34 Man-at-Arms
23:37 Castle Age
21:23 Loom
28:59 Stone Mining
29:00 Gold Mining
31:39 Double-Bit Axe
31:39 Horse Collar
35:58 Forging
Sigurd
8:54 Loom
11:18 Feudal Age
14:53 Horse Collar
22:35 Castle Age
22:10 Town Watch
24:32 Wheelbarrow
27:04 Bloodlines
27:17 Double-Bit Axe
27:25 Gold Mining
27:29 Stone Mining
29:45 Forging
31:53 Crossbowman
37:11 Ballistics
36:44 Fletching
38:09 Husbandry
39:48 Murder Holes
40:13 Gold Mining
40:31 Scale Barding Armor
45:26 Imperial Age
45:25 Bow Saw
45:42 Padded Archer Armor
45:44 Scale Mail Armor
45:41 Cavalier
47:08 Gold Shaft Mining
47:51 Chemistry
47:38 Conscription
51:04 Leather Archer Armor
Connection lost

Rejoining the realm…

Still unreachable

The connection could not be restored.

Session expired

The server has moved on; the page needs a fresh start.